[Event "Titled Tuesday Blitz June 21 Early 2022"]
[White "Jobava, Baadur"]
[Black "Zhigalko, Sergei"]
[WhiteFideId "13601520"]
[BlackFideId "13502956"]
[WhiteElo "2617"]
[BlackElo "2662"]
[Result "1-0"]
[Round "11"]
[TimeControl "180+1"]
[Date "2022.06.21"]
[WhiteClock "0:00:24"]
[BlackClock "0:00:02"]

1. b3 e5 2. Bb2 d6 3. g3 Nf6 4. Bg2 Be7 5. c4 O-O 6. Nc3 c6 7. e4 a5 8. Nge2 Na6 9. d4 exd4 10. Nxd4 Nc5 11. O-O Re8 12. Qc2 Qb6 13. Rab1 Bf8 14. Rfe1 g6 15. Na4 Nxa4 16. bxa4 Qd8 17. Rbd1 Nd7 18. Nb3 Qe7 19. Qc3 Qe5 20. Qd2 Qh5 21. f4 Qh6 22. g4 f6 23. Qf2 Be7 24. h4 Qf8 25. g5 Qf7 26. Ba3 fxg5 27. hxg5 Rf8 28. Rf1 Qxc4 29. Bxd6 Bxd6 30. Rxd6 Ne5 31. Qd4 Qxd4+ 32. Nxd4 Nc4 33. Rf6 Rd8 34. Nb3 Bg4 35. f5 Ne3 36. Rf4 Bh5 37. Bf3 Bxf3 38. Rxf3 Ng4 39. Re6 Re8 40. Nc5 b6 41. Nd7 Rxe6 42. fxe6 Re8 43. Rf4 h5 44. gxh6 Rxe6 45. Rxg4 Kh7 46. Nf8+ 1-0


[Site "https://www.chess.com"]

[Event "Titled Tuesday Blitz June 21 Early 2022"]
[White "Khabinets, Ivan"]
[Black "Sarkar, Justin"]
[WhiteFideId "14115980"]
[BlackFideId "2010011"]
[WhiteElo "2114"]
[BlackElo "2020"]
[Result "1-0"]
[Round "11"]
[TimeControl "180+1"]
[Date "2022.06.22"]
[WhiteClock "0:01:11"]
[BlackClock "0:00:01"]

1. c4 c5 2. Nf3 Nc6 3. g3 e5 4. Bg2 e4 5. Ng1 f5 6. Nc3 Nf6 7. Nh3 d5 8. cxd5 Nb4 9. d3 exd3 10. O-O Be7 11. a3 Nbxd5 12. Qxd3 Nxc3 13. Qxc3 O-O 14. Qb3+ Kh8 15. Rd1 Qb6 16. Qxb6 axb6 17. Nf4 g5 18. Nd3 Ne4 19. Ne5 Be6 20. b3 Bxb3 21. Rd7 Bf6 22. Bb2 Rae8 23. f4 gxf4 24. gxf4 c4 25. Bxe4 fxe4 26. Bc3 Rg8+ 27. Kf2 Rg7 28. Rxg7 Bxg7 29. Rg1 Rf8 30. Ke3 b5 31. h4 Rf5 32. Kxe4 1-0


[Site "https://www.chess.com"]

[Event "Titled Tuesday Blitz June 21 Early 2022"]
[White "Kosteniuk, Alexandra"]
[Black "Malyi, Viacheslav"]
[WhiteFideId "4128125"]
[BlackFideId "14123983"]
[WhiteElo "2469"]
[BlackElo "2270"]
[Result "1-0"]
[Round "11"]
[TimeControl "180+1"]
[Date "2022.06.21"]
[WhiteClock "0:00:28"]
[BlackClock "0:00:02"]

1. e4 c5 2. c3 d5 3. exd5 Qxd5 4. d4 cxd4 5. cxd4 Nc6 6. Nf3 e5 7. Nc3 Bb4 8. dxe5 Qxd1+ 9. Kxd1 Bg4 10. Be2 O-O-O+ 11. Kc2 Bxc3 12. bxc3 Bxf3 13. Bxf3 Nxe5 14. Be2 Nf6 15. Be3 Nc6 16. Rhd1 Nd5 17. Bg4+ Kc7 18. Bd2 g6 19. Rab1 f5 20. Be2 Rhe8 21. Re1 Rd7 22. Bf3 Rxe1 23. Rxe1 Nf6 24. Bf4+ Kc8 25. Re6 Ng4 26. Bg3 Re7 27. Rxe7 Nxe7 28. h3 Nf6 29. Bh4 Nfg8 30. g4 b6 31. c4 Kd7 32. Kc3 Nc6 33. Bxc6+ Kxc6 34. Kd4 fxg4 35. hxg4 Nh6 36. f3 Nf7 37. Bf2 Kd6 38. Ke4 Ke6 39. f4 Nd6+ 40. Kd4 h5 41. f5+ gxf5 42. gxh5 f4 43. Kd3 Kf5 44. c5 Nc8 45. c6 Kg5 46. Ke4 Kxh5 47. Kxf4 Kg6 48. Ke5 Kf7 49. Bh4 Ke8 50. Ke6 b5 51. Be1 a6 52. Ba5 Na7 53. Kd6 1-0


[Site "https://www.chess.com"]

[Event "Titled Tuesday Blitz June 21 Early 2022"]
[White "Kucuksari, Kaan"]
[Black "Ferreira, Vitor Hugo Vieira"]
[WhiteFideId "6380166"]
[BlackFideId "2119765"]
[WhiteElo "2305"]
[BlackElo "2165"]
[Result "0-1"]
[Round "11"]
[TimeControl "180+1"]
[Date "2022.06.22"]
[WhiteClock "0:00:56"]
[BlackClock "0:00:38"]

1. d4 d5 2. Nf3 Nf6 3. c4 c6 4. Qc2 dxc4 5. Qxc4 Bf5 6. g3 e6 7. Bg2 h6 8. O-O Nbd7 9. e3 Be7 10. Rd1 O-O 11. Nc3 Ne4 12. Bd2 Nxd2 13. Rxd2 Nf6 14. Ne5 Bh7 15. Qb3 Qb6 16. Qxb6 axb6 17. a3 b5 18. Rc1 b4 19. axb4 Bxb4 20. Nd3 Be7 21. Nc5 Ra7 22. b4 Nd5 23. b5 Nxc3 24. bxc6 Nd5 25. Nd7 Rc8 26. Bxd5 exd5 27. c7 Bd6 28. Rdd1 Rxc7 29. Rxc7 Bxc7 30. Rc1 b6 31. Rc6 Be4 32. f3 Bxf3 33. Kf2 Bg4 34. Nxb6 Ra2+ 35. Kg1 Bxb6 36. Rxb6 Bf3 37. h3 Rg2+ 38. Kf1 Rxg3 39. Kf2 Rxh3 40. Rb8+ Kh7 41. Rb7 Kg6 42. Rb6+ f6 43. Rc6 Be4 44. Rc1 Rh2+ 45. Kg3 Re2 46. Kf4 Rf2+ 47. Kg4 h5+ 48. Kg3 Rf3+ 49. Kh4 Rxe3 50. Rg1+ Kf7 51. Rc1 Bf5 52. Rc7+ Kg6 53. Rc3 Rh3+ 0-1


[Site "https://www.chess.com"]

[Event "Titled Tuesday Blitz June 21 Early 2022"]
[White "Lagno, Kateryna"]
[Black "Timofeev, Artyom"]
[WhiteFideId "14109336"]
[BlackFideId "4140419"]
[WhiteElo "2522"]
[BlackElo "2578"]
[Result "0-1"]
[Round "11"]
[TimeControl "180+1"]
[Date "2022.06.21"]
[WhiteClock "0:00:03"]
[BlackClock "0:00:46"]

1. e4 c6 2. d4 d5 3. e5 Bf5 4. Nd2 e6 5. Nb3 Ne7 6. Nf3 h6 7. Be2 Bh7 8. a4 Ng6 9. a5 a6 10. c4 Be7 11. O-O O-O 12. Be3 Nd7 13. Qd2 f6 14. cxd5 exd5 15. e6 Nb8 16. Nc5 Qc7 17. b4 Re8 18. Ne1 Bxc5 19. bxc5 Rxe6 20. Nd3 Nd7 21. Rab1 Rae8 22. Rb3 Nh4 23. Bh5 Bg6 24. Bxg6 Nxg6 25. Rfb1 Ndf8 26. Rxb7 Qc8 27. h3 Re4 28. R1b6 Ne6 29. Nb4 Nef4 30. Rb8 Qf5 31. Rxe8+ Rxe8 32. Kh2 Nxg2 33. Kxg2 Nh4+ 34. Kf1 Nf3 35. Qd3 Qxh3+ 36. Ke2 Qg4 37. Kf1 h5 38. Nxc6 h4 39. Rb8 Rxb8 40. Nxb8 h3 41. Qb3 h2 42. Qxd5+ Kh7 0-1


[Site "https://www.chess.com"]

[Event "Titled Tuesday Blitz June 21 Early 2022"]
[White "Lazavik, Denis"]
[Black "Steinberg, Nitzan"]
[WhiteFideId "13515110"]
[BlackFideId "2801795"]
[WhiteElo "2437"]
[BlackElo "2471"]
[Result "1-0"]
[Round "11"]
[TimeControl "180+1"]
[Date "2022.06.21"]
[WhiteClock "0:00:54"]
[BlackClock "0:00:46"]

1. d4 d5 2. c4 c6 3. Nf3 Nf6 4. Nc3 e6 5. Bg5 Nbd7 6. cxd5 exd5 7. e3 Qa5 8. Nd2 Ne4 9. Ndxe4 dxe4 10. Bf4 Nf6 11. Be2 Nd5 12. O-O Nxf4 13. exf4 Bd6 14. Nxe4 Bxf4 15. Bc4 O-O 16. Qf3 Qf5 17. Rfe1 Bc7 18. Qb3 Qh5 19. Ng3 Qg6 20. d5 cxd5 21. Bxd5 Bb6 22. a4 Rb8 23. a5 Bc5 24. Rac1 b6 25. Rxc5 Be6 26. Rb5 Bd7 27. Rb4 Qd6 28. Rd4 bxa5 29. Bxf7+ Rxf7 30. Qxf7+ 1-0


[Site "https://www.chess.com"]

[Event "Titled Tuesday Blitz June 21 Early 2022"]
[White "Li, Zhuoling"]
[Black "Ajay Krishna, S"]
[WhiteFideId "8605629"]
[BlackFideId "5096430"]
[WhiteElo "2318"]
[BlackElo "2247"]
[Result "0-1"]
[Round "11"]
[TimeControl "180+1"]
[Date "2022.06.22"]
[WhiteClock "0:00:01"]
[BlackClock "0:00:10"]

1. e4 e5 2. Nf3 Nc6 3. Bb5 Nf6 4. O-O Nxe4 5. d4 d5 6. Nxe5 Bd7 7. Nxd7 Qxd7 8. Re1 Be7 9. Nc3 Nxc3 10. bxc3 O-O 11. Bf4 Rfe8 12. h3 a6 13. Bd3 Bd6 14. Qh5 g6 15. Qf3 Bxf4 16. Qxf4 Re7 17. Rab1 Rxe1+ 18. Rxe1 Nd8 19. h4 Ne6 20. Qf6 Qd8 21. Qe5 Qxh4 22. Qxd5 c6 23. Qd7 Nf4 24. Qxb7 Rf8 25. Qxc6 Qg5 26. Bc4 h5 27. Kf1 h4 28. Qf3 a5 29. Re4 Nh5 30. Qe3 Qf6 31. Ke2 Qc6 32. d5 Qf6 33. Qd4 Qg5 34. Qe3 Qxg2 35. Kd3 Qf1+ 36. Kd4 Qd1+ 37. Qd3 Qg1 38. Qe3 Ng7 39. d6 Nf5+ 40. Kc5 Nxe3 41. fxe3 Qg5+ 42. Bd5 h3 43. d7 h2 44. Re8 h1=Q 45. d8=Q Qxd8 46. Rxd8 Qc1 0-1


[Site "https://www.chess.com"]

[Event "Titled Tuesday Blitz June 21 Early 2022"]
[White "Ljukin, Sergei"]
[Black "Artemenko, Oleg"]
[WhiteFideId "14102200"]
[BlackFideId "14201798"]
[WhiteElo "2312"]
[BlackElo "2287"]
[Result "1-0"]
[Round "11"]
[TimeControl "180+1"]
[Date "2022.06.22"]
[WhiteClock "0:00:11"]
[BlackClock "0:00:26"]

1. e4 e6 2. d4 d5 3. Nc3 Nf6 4. Bg5 Be7 5. e5 Nfd7 6. h4 a6 7. Qg4 Kf8 8. Bxe7+ Qxe7 9. f4 c5 10. Nf3 Nc6 11. O-O-O cxd4 12. Nxd4 Nc5 13. h5 h6 14. Rh3 Bd7 15. Rg3 Rg8 16. Nb3 b6 17. Nxc5 bxc5 18. Bd3 f6 19. exf6 Qxf6 20. Nxd5 exd5 21. Qxd7 Rd8 22. Qc7 Qd6 23. Qxd6+ Rxd6 24. Rg6 Ke7 25. Re1+ Kd7 26. Bf5+ Kc7 27. Be6 Re8 28. Rxg7+ Kb6 29. f5 Nd4 30. Re3 c4 31. Rg6 Kc5 32. g4 Rh8 33. c3 Nc6 34. f6 d4 35. cxd4+ Kxd4 36. Re1 Ne5 37. Rxe5 Kxe5 38. f7 Rhd8 39. Bxc4 Rd1+ 40. Kc2 R8d2+ 41. Kc3 Rf2 42. Rg8 Rc1+ 43. Kb4 Rf3 44. f8=Q Rxf8 45. Rxf8 Rg1 46. Rf5+ Ke4 47. Be2 Ke3 48. Bf3 Rb1 49. Kb3 Rf1 50. a4 a5 51. Kc4 Rb1 52. b3 Rb2 53. Kb5 Rxb3+ 54. Kxa5 Rb8 55. Bc6 Kd4 56. Ka6 Rb1 57. a5 Rb2 58. Rf4+ Ke5 59. Ra4 Kd6 60. Rc4 Kc7 61. Ka7 Ra2 62. a6 Rd2 63. Bf3+ Kd6 64. Kb8 Rb2+ 65. Bb7 Rf2 66. a7 Rf8+ 67. Rc8 Rf7 68. a8=Q Ke5 69. Rc5+ Kf4 70. Rd5 Rf8+ 71. Bc8 Kg3 72. Qa3+ Rf3 73. Qf8 Re3 74. Qf7 Rb3+ 75. Bb7 Re3 76. Qc7+ Kh3 77. Qd7 Kh4 78. Rd3 Re5 79. Qd8+ Kxg4 80. Bc8+ Kf4 81. Qf6+ Ke4 82. Bb7+ Kxd3 83. Qxe5 Kc4 84. Qf6 Kd3 85. Qxh6 Kc3 86. Qg6 Kc4 87. h6 Kb4 88. h7 Kb3 89. h8=Q Ka3 90. Qhh5 Ka4 91. Qgg4+ Ka3 92. Qhh3+ Ka2 93. Qgg2+ Kb1 94. Qhh1# 1-0


[Site "https://www.chess.com"]

[Event "Titled Tuesday Blitz June 21 Early 2022"]
[White "Mangialardo, Tiago Carvalho"]
[Black "Legenia, Artem"]
[WhiteFideId "2130718"]
[BlackFideId "14136945"]
[WhiteElo "2100"]
[BlackElo "1936"]
[Result "0-1"]
[Round "11"]
[TimeControl "180+1"]
[Date "2022.06.22"]
[WhiteClock "0:00:30"]
[BlackClock "0:01:58"]

1. e4 e5 2. Nf3 d6 3. c3 Nd7 4. d4 Ngf6 5. Bd3 Be7 6. O-O O-O 7. Be3 c6 8. Nbd2 Ng4 9. Re1 b5 10. Nf1 Nxe3 11. Nxe3 Re8 12. a4 Qb6 13. Qb3 bxa4 14. Qxa4 Bb7 15. Nf5 Bf8 16. Ra3 Qc7 17. Rb3 g6 18. Ne3 Nb6 19. Qa2 exd4 20. cxd4 c5 21. Rc1 Bxe4 22. Bxe4 Rxe4 23. Rbc3 Qe7 24. dxc5 dxc5 25. Rxc5 Rxe3 26. fxe3 Qxe3+ 27. Kf1 Bxc5 28. Rc3 Qf2# 0-1


[Site "https://www.chess.com"]

[Event "Titled Tuesday Blitz June 21 Early 2022"]
[White "Manukian, Artak"]
[Black "Arabidze, Meri"]
[WhiteFideId "13301373"]
[BlackFideId "13604040"]
[WhiteElo "2490"]
[BlackElo "2335"]
[Result "1-0"]
[Round "11"]
[TimeControl "180+1"]
[Date "2022.06.22"]
[WhiteClock "0:00:17"]
[BlackClock "0:00:02"]

1. e4 c5 2. Nf3 e6 3. c3 d5 4. e5 d4 5. cxd4 cxd4 6. Bb5+ Nc6 7. Bxc6+ bxc6 8. Qa4 Qd5 9. Qxd4 c5 10. Qxd5 exd5 11. d4 Bg4 12. Be3 Bxf3 13. gxf3 c4 14. Nc3 O-O-O 15. Ke2 Ne7 16. b3 Nf5 17. bxc4 dxc4 18. Rhd1 f6 19. f4 Bb4 20. Rac1 Ba3 21. Rc2 a6 22. Ne4 Kb7 23. Rxc4 Rd5 24. Rb1+ Rb5 25. Rxb5+ axb5 26. Rc3 Ra8 27. d5 Bb2 28. Nc5+ Kb8 29. Rc2 Bd4 30. Nd7+ Kb7 31. d6 Ra3 32. Rc7+ Ka6 33. Bxd4 Nxd4+ 34. Kd2 Rxa2+ 35. Kd3 Ne6 36. Rc8 Nxf4+ 37. Ke4 Ra4+ 38. Kf5 fxe5 39. Nxe5 Nd5 40. d7 Ne7+ 41. Ke6 Nxc8 42. dxc8=Q+ Ka5 43. Qc3+ 1-0


[Site "https://www.chess.com"]

[Event "Titled Tuesday Blitz June 21 Early 2022"]
[White "Marn, Jan"]
[Black "Rodchenkov, Sergey D."]
[WhiteFideId "14619245"]
[BlackFideId "4168712"]
[WhiteElo "2105"]
[BlackElo "2293"]
[Result "0-1"]
[Round "11"]
[TimeControl "180+1"]
[Date "2022.06.22"]
[WhiteClock "0:01:14"]
[BlackClock "0:02:24"]

1. d4 Nf6 2. c4 e6 3. g3 c5 4. d5 exd5 5. cxd5 d6 6. Bg2 g6 7. Nc3 Bg7 8. e4 O-O 9. Nge2 a6 10. a4 Bg4 11. h3 Bxe2 12. Qxe2 Nbd7 13. O-O Re8 14. Be3 Qc7 15. Rfe1 b6 16. f4 Reb8 17. Bf2 Ne8 18. Rad1 b5 19. axb5 axb5 20. Nxb5 Qb6 21. Bf1 Ra2 22. Rb1 Nc7 23. Nxc7 Qxc7 24. Qa6 Rxa6 0-1


[Site "https://www.chess.com"]

[Event "Titled Tuesday Blitz June 21 Early 2022"]
[White "Martin Carmona, Gaston Manuel"]
[Black "Martin, Lewis"]
[WhiteFideId "22284567"]
[BlackFideId "410551"]
[WhiteElo "2162"]
[BlackElo "2145"]
[Result "1-0"]
[Round "11"]
[TimeControl "180+1"]
[Date "2022.06.22"]
[WhiteClock "0:01:18"]
[BlackClock "0:00:07"]

1. d4 d5 2. c4 c6 3. Nc3 dxc4 4. a4 Nf6 5. Nf3 Bf5 6. Ne5 Nbd7 7. Nxc4 Nb6 8. Ne5 e6 9. f3 Bb4 10. e4 Bxe4 11. fxe4 Nxe4 12. Qd3 f5 13. Bd2 Nxd2 14. Qxd2 Qh4+ 15. g3 Qf6 16. a5 Nd5 17. a6 bxa6 18. Nxc6 O-O 19. Bg2 Nxc3 20. bxc3 Bd6 21. O-O Rac8 22. Rxa6 Rc7 23. Rxa7 Rxa7 24. Nxa7 h5 25. Nb5 Bb8 26. d5 h4 27. d6 hxg3 28. hxg3 Rd8 29. c4 Qe5 30. Qf4 Qc5+ 31. Kh1 Bxd6 32. Nxd6 Rxd6 33. Re1 e5 34. Qxe5 Rh6+ 35. Bh3 Rxh3+ 36. Kg2 Qxe5 37. Rxe5 Rh6 38. Rxf5 Rc6 39. Rf4 g5 40. Rg4 Kh7 41. Kf3 Kg6 42. Ke3 Kf5 43. Rd4 Rc5 44. Rd5+ Rxd5 45. cxd5 Ke5 46. Kf3 Kxd5 47. Kg4 Ke4 48. Kxg5 Kf3 49. g4 1-0


[Site "https://www.chess.com"]

[Event "Titled Tuesday Blitz June 21 Early 2022"]
[White "Martinez Alcantara, Jose Eduardo"]
[Black "Bortnyk, Mykola"]
[WhiteFideId "3805662"]
[BlackFideId "14120836"]
[WhiteElo "2703"]
[BlackElo "2582"]
[Result "1-0"]
[Round "11"]
[TimeControl "180+1"]
[Date "2022.06.21"]
[WhiteClock "0:00:58"]
[BlackClock "0:00:41"]

1. e4 c5 2. Nf3 d6 3. Bb5+ Bd7 4. Bxd7+ Qxd7 5. O-O Nc6 6. Re1 g6 7. c3 Bg7 8. d4 cxd4 9. cxd4 Nf6 10. Nc3 O-O 11. h3 Rfe8 12. Bg5 e5 13. dxe5 Nxe5 14. Nxe5 Rxe5 15. Bxf6 Bxf6 16. Nd5 Bg7 17. Rc1 Rae8 18. Rc7 Qb5 19. Qf3 f5 20. Re3 Rxe4 21. Ne7+ Kh8 22. Rxe4 fxe4 23. Qxe4 Qg5 24. h4 Qc1+ 25. Rxc1 1-0


[Site "https://www.chess.com"]

[Event "Titled Tuesday Blitz June 21 Early 2022"]
[White "Melikhov, Evgeny V."]
[Black "Gubajdullin, Alexei"]
[WhiteFideId "4122046"]
[BlackFideId "4141202"]
[WhiteElo "1904"]
[BlackElo "2280"]
[Result "1-0"]
[Round "11"]
[TimeControl "180+1"]
[Date "2022.06.22"]
[WhiteClock "0:00:58"]
[BlackClock "0:00:29"]

1. d4 Nf6 2. c4 g6 3. Nc3 Bg7 4. e4 d6 5. f3 O-O 6. Be3 Nc6 7. Nge2 a6 8. Qd2 Re8 9. Bh6 Bh8 10. h4 e5 11. d5 Nd4 12. O-O-O c5 13. dxc6 bxc6 14. h5 d5 15. hxg6 fxg6 16. cxd5 cxd5 17. Nxd4 exd4 18. Qxd4 Be6 19. e5 Nd7 20. f4 Qa5 21. Nxd5 Rac8+ 22. Kb1 Nxe5 23. fxe5 Bxe5 24. Qxe5 Bf5+ 25. Qxf5 gxf5 26. Nf6+ Kf7 27. Nxe8 Kxe8 28. Be2 Qa4 29. Bh5+ Ke7 30. Rhe1+ Kf6 31. Rd6# 1-0


[Site "https://www.chess.com"]

[Event "Titled Tuesday Blitz June 21 Early 2022"]
[White "Mickiewicz, Piotr"]
[Black "Costachi, Mihnea"]
[WhiteFideId "1114891"]
[BlackFideId "1217518"]
[WhiteElo "2209"]
[BlackElo "2476"]
[Result "0-1"]
[Round "11"]
[TimeControl "180+1"]
[Date "2022.06.22"]
[WhiteClock "0:00:01"]
[BlackClock "0:01:16"]

1. e4 c5 2. Nf3 Nc6 3. d4 cxd4 4. Nxd4 Nf6 5. Nc3 d6 6. Bg5 e6 7. Qd2 a6 8. O-O-O Bd7 9. f4 Be7 10. Nf3 h6 11. Bxf6 gxf6 12. Kb1 b5 13. f5 b4 14. Ne2 a5 15. Nf4 Rg8 16. fxe6 fxe6 17. Bb5 Qb6 18. Bxc6 Qxc6 19. Nd4 Qc8 20. Rhf1 e5 21. Nd5 exd4 22. Qxd4 Qd8 23. Nxf6+ Bxf6 24. Rxf6 Qe7 25. Rxd6 Be6 26. Qc5 Rc8 27. Qb5+ Kf8 28. Rf1+ Bf7 29. Rd7 Qe6 30. Rdxf7+ Qxf7 31. Rxf7+ Kxf7 32. Qd7+ Kf6 33. Qf5+ Ke7 34. Qe5+ Kd7 35. Qxa5 Rxg2 36. Qb5+ Ke6 37. Qd5+ Ke7 38. Qe5+ Kf7 39. Qd5+ Kg7 40. Qd4+ Kg6 41. Qd6+ Kg5 42. Qe5+ Kh4 43. Qe7+ Kh3 44. b3 Rcxc2 45. Qe6+ Kxh2 46. Qxh6+ Kg1 47. Qe3+ Rcf2 0-1


[Site "https://www.chess.com"]

[Event "Titled Tuesday Blitz June 21 Early 2022"]
[White "Mitrovic, Darko R"]
[Black "Polster, Christian"]
[WhiteFideId "927023"]
[BlackFideId "12965081"]
[WhiteElo "2150"]
[BlackElo "2282"]
[Result "0-1"]
[Round "11"]
[TimeControl "180+1"]
[Date "2022.06.22"]
[WhiteClock "0:00:18"]
[BlackClock "0:00:08"]

1. d4 d5 2. c4 e6 3. Nf3 c6 4. g3 Nf6 5. Bg2 Bb4+ 6. Bd2 Bd6 7. b3 O-O 8. O-O h6 9. Nc3 Nbd7 10. Qc2 b6 11. e4 dxe4 12. Nxe4 Nxe4 13. Qxe4 Bb7 14. Bf4 Bxf4 15. Qxf4 c5 16. Rad1 Qb8 17. Qxb8 Raxb8 18. dxc5 Nxc5 19. Ne5 Bxg2 20. Kxg2 Rfc8 21. Rd2 a5 22. Rfd1 Kf8 23. Nd7+ Nxd7 24. Rxd7 Ke8 25. a4 Rd8 26. Rxd8+ Rxd8 27. Rxd8+ Kxd8 28. Kf3 Kd7 29. Ke4 Kd6 30. Kd4 e5+ 31. Kc3 Kc5 32. g4 g6 33. f3 f5 34. h4 e4 35. gxf5 exf3 36. Kd3 gxf5 37. Ke3 Kb4 38. Kxf3 Kxb3 39. Kf4 Kxa4 40. Kxf5 Kb4 41. Kg6 a4 42. Kxh6 a3 43. Kg6 a2 44. h5 a1=Q 45. h6 Qh8 46. h7 Kxc4 47. Kh6 b5 0-1


[Site "https://www.chess.com"]

[Event "Titled Tuesday Blitz June 21 Early 2022"]
[White "Molina, Roberto Junio Brito"]
[Black "Bryakin, Mikhail"]
[WhiteFideId "2109450"]
[BlackFideId "4165314"]
[WhiteElo "2432"]
[BlackElo "2417"]
[Result "0-1"]
[Round "11"]
[TimeControl "180+1"]
[Date "2022.06.21"]
[WhiteClock "0:00:06"]
[BlackClock "0:00:14"]

1. d4 c5 2. d5 e5 3. e4 d6 4. Be2 Be7 5. Bg4 Nd7 6. Nc3 a6 7. a4 Bg5 8. Bxg5 Qxg5 9. h4 Qd8 10. Qd2 Ngf6 11. Be2 h5 12. Nf3 g6 13. Ng5 Nh7 14. Nxh7 Rxh7 15. g3 b6 16. Kf1 Nf6 17. Kg2 Kf8 18. Raf1 Kg7 19. f4 exf4 20. gxf4 Ng4 21. Bxg4 Bxg4 22. Kg3 Qf6 23. Re1 Re8 24. Rhf1 Rhh8 25. e5 Qf5 26. Ne4 Bh3 27. Nxd6 Qg4+ 28. Kh2 Bxf1 29. Nxe8+ Rxe8 30. Rxf1 Qxh4+ 31. Kg1 Qg3+ 32. Qg2 Qe3+ 33. Kh1 Qd4 34. c3 Qxa4 35. d6 Qd7 36. Kh2 a5 37. Qg5 Qe6 38. Rg1 a4 39. Rg2 b5 40. Rd2 Qd7 41. Qf6+ Kg8 42. Rg2 Re6 43. Qg5 Qe8 44. Qxh5 b4 45. cxb4 cxb4 46. Qg5 a3 47. bxa3 bxa3 48. Rd2 Qd7 49. Qg2 Re8 50. Qd5 Rb8 51. Rg2 Kg7 52. Qd4 Rh8+ 53. Kg1 Qe6 54. d7 Rd8 55. f5 Qxd7 56. Qxd7 Rxd7 57. fxg6 fxg6 58. Ra2 Ra7 59. Kf2 Ra4 60. Ke3 Kf7 61. Kd3 Ke6 62. Kc3 Kxe5 63. Kb3 Ra8 64. Re2+ Kf4 65. Ka2 g5 66. Re7 g4 67. Rf7+ Kg3 68. Rg7 Kh3 69. Rh7+ Kg2 70. Rg7 g3 71. Rg6 Kh2 72. Rh6+ Kg1 73. Rg6 g2 74. Rg7 Rh8 75. Kxa3 Kh1 0-1


[Site "https://www.chess.com"]

[Event "Titled Tuesday Blitz June 21 Early 2022"]
[White "Namitbir Singh Walia"]
[Black "Ianov, Viktor"]
[WhiteFideId "35071068"]
[BlackFideId "14102730"]
[WhiteElo "1565"]
[BlackElo "2152"]
[Result "1-0"]
[Round "11"]
[TimeControl "180+1"]
[Date "2022.06.22"]
[WhiteClock "0:00:11"]
[BlackClock "0:01:25"]

1. d4 d6 2. c4 g6 3. Nf3 Bg7 4. g3 Nf6 5. Bg2 O-O 6. O-O c6 7. Nc3 Bf5 8. Re1 Ne4 9. Nh4 Nxc3 10. bxc3 Bc8 11. e4 Qc7 12. f4 Nd7 13. f5 b6 14. Bf4 Ba6 15. Qa4 Bb7 16. Rab1 c5 17. Red1 Rfc8 18. Rb2 Bc6 19. Qb3 Rab8 20. a4 Ba8 21. Rc2 Nf6 22. e5 Nh5 23. e6 Nxf4 24. exf7+ Kxf7 25. gxf4 Bxg2 26. fxg6+ hxg6 27. Rxg2 Bf6 28. Nxg6 Rg8 29. Qc2 cxd4 30. cxd4 Rbc8 31. Ne5+ dxe5 32. Qh7+ Rg7 33. Rxg7+ Bxg7 34. fxe5 Qxc4 35. Rf1+ Qxf1+ 36. Kxf1 e6 37. d5 Rf8 38. d6 Rc8 39. Qh5+ Kf8 40. Qg6 Rc5 41. d7 Rd5 42. Qe8# 1-0


[Site "https://www.chess.com"]

[Event "Titled Tuesday Blitz June 21 Early 2022"]
[White "Navara, David"]
[Black "Kosakowski, Jakub"]
[WhiteFideId "309095"]
[BlackFideId "1185080"]
[WhiteElo "2686"]
[BlackElo "2476"]
[Result "1-0"]
[Round "11"]
[TimeControl "180+1"]
[Date "2022.06.21"]
[WhiteClock "0:00:08"]
[BlackClock "0:00:02"]

1. d4 Nf6 2. c4 e6 3. Nc3 Bb4 4. e3 O-O 5. Bd3 d5 6. cxd5 exd5 7. Ne2 Re8 8. O-O Bd6 9. Bd2 c5 10. Nb5 c4 11. Nxd6 Qxd6 12. Bc2 Nc6 13. a3 Bd7 14. f3 Re7 15. g4 Rae8 16. Ng3 h6 17. Re1 b5 18. Re2 b4 19. axb4 Nxb4 20. Rxa7 Nxc2 21. Qxc2 h5 22. gxh5 Bh3 23. Rxe7 Rxe7 24. Re1 Nh7 25. Ra1 Re8 26. Qa4 Bd7 27. Qa6 Qb8 28. Bc3 Ng5 29. Kf2 Nh3+ 30. Ke2 Qf4 31. Bd2 Qxd4 32. Qa3 Ng1+ 33. Rxg1 Qh4 34. Kf2 Qxh2+ 35. Rg2 Qh4 36. Qc3 Qg5 37. Nf5 1-0


[Site "https://www.chess.com"]

[Event "Titled Tuesday Blitz June 21 Early 2022"]
[White "Orlov, Georgi"]
[Black "Mrudul Dehankar"]
[WhiteFideId "2011271"]
[BlackFideId "25096990"]
[WhiteElo "2497"]
[BlackElo "1766"]
[Result "1-0"]
[Round "11"]
[TimeControl "180+1"]
[Date "2022.06.22"]
[WhiteClock "0:00:16"]
[BlackClock "0:00:01"]

1. d4 Nf6 2. Nf3 e6 3. c4 Bb4+ 4. Bd2 c5 5. Nc3 cxd4 6. Nxd4 Nc6 7. a3 Be7 8. Bf4 d5 9. e3 O-O 10. Rc1 Bd7 11. Ndb5 e5 12. Bg3 Bg4 13. f3 Be6 14. cxd5 Nxd5 15. Nxd5 Bxd5 16. e4 Be6 17. Qxd8 Raxd8 18. Nc7 Bg5 19. Rd1 Rxd1+ 20. Kxd1 Bb3+ 21. Ke1 Rc8 22. Nb5 Rd8 23. Be2 Bd2+ 24. Kf2 a6 25. Nc3 f6 26. Nd5 Bxd5 27. exd5 Nd4 28. Bc4 b5 29. Ba2 Kf8 30. Rd1 Bh6 31. f4 Nc2 32. fxe5 Ne3 33. Rd3 Ng4+ 34. Ke2 fxe5 35. h3 e4 36. Rd4 Nf6 37. d6 Ke8 38. Be5 Kd7 39. g4 1-0


[Site "https://www.chess.com"]

[Event "Titled Tuesday Blitz June 21 Early 2022"]
[White "Paravyan, David"]
[Black "Mindlin, Alon"]
[WhiteFideId "4194985"]
[BlackFideId "2800071"]
[WhiteElo "2569"]
[BlackElo "2390"]
[Result "1-0"]
[Round "11"]
[TimeControl "180+1"]
[Date "2022.06.21"]
[WhiteClock "0:02:16"]
[BlackClock "0:01:46"]

1. e4 e5 2. Nf3 Nc6 3. Nc3 Nf6 4. d4 exd4 5. Nxd4 Bb4 6. Nxc6 bxc6 7. Bd3 d5 8. exd5 O-O 9. O-O cxd5 10. Bg5 c6 11. Qf3 Be7 12. h3 h6 13. Bf4 Bd6 14. Rfe1 Rb8 15. b3 Rb4 16. Ne2 Bxf4 17. Nxf4 Qd6 18. c4 dxc4 19. Bxc4 Ba6 20. Rad1 Qc7 21. Ng6 Rxc4 22. Ne7+ Kh8 23. bxc4 Bxc4 24. Qxc6 Qxc6 25. Nxc6 a6 26. a3 Rc8 27. Rd8+ Rxd8 28. Nxd8 Kg8 29. Rc1 Bb5 30. Rc8 Nd5 31. Ne6+ Kh7 32. Nf8+ Kg8 33. Ne6+ Kh7 34. Nd4 Bd3 35. Rc5 Nf6 36. f3 1-0


[Site "https://www.chess.com"]

[Event "Titled Tuesday Blitz June 21 Early 2022"]
[White "Perez Leiva, Jerzy Jesus"]
[Black "Jeet, Jain"]
[WhiteFideId "3524337"]
[BlackFideId "5073022"]
[WhiteElo "2287"]
[BlackElo "2055"]
[Result "1-0"]
[Round "11"]
[TimeControl "180+1"]
[Date "2022.06.22"]
[WhiteClock "0:01:39"]
[BlackClock "0:01:56"]

1. e4 d6 2. d4 g6 3. Nc3 Bg7 4. Be3 a6 5. Qd2 b5 6. h4 h6 7. f3 e6 8. g4 Ne7 9. Nh3 Bb7 10. a3 Nd7 11. O-O-O Rc8 12. h5 g5 13. f4 gxf4 14. Nxf4 c5 15. Bxb5 cxd4 16. Bxd4 e5 17. Bf2 exf4 18. Bd4 Rg8 19. Bxg7 Rxg7 20. Bxd7+ Qxd7 21. Qxf4 Rxc3 22. bxc3 Rxg4 23. Qxh6 Qa4 24. Qxd6 Kf8 25. h6 1-0


[Site "https://www.chess.com"]

[Event "Titled Tuesday Blitz June 21 Early 2022"]
[White "Petrovic, Aleksa"]
[Black "Petrova, Irina"]
[WhiteFideId "967629"]
[BlackFideId "14124122"]
[WhiteElo "2117"]
[BlackElo "1993"]
[Result "0-1"]
[Round "11"]
[TimeControl "180+1"]
[Date "2022.06.22"]
[WhiteClock "0:00:02"]
[BlackClock "0:00:13"]

1. d4 d6 2. c4 e5 3. Nc3 exd4 4. Qxd4 Nc6 5. Qd2 Nf6 6. b3 a5 7. Bb2 a4 8. Nxa4 d5 9. cxd5 Rxa4 10. dxc6 Qxd2+ 11. Kxd2 Ne4+ 12. Kc2 Ra6 13. cxb7 Rc6+ 14. Kd3 Nc5+ 15. Kd2 Bxb7 16. f3 Ne6 17. Rc1 Bb4+ 18. Kd1 Rd6+ 19. Kc2 O-O 20. e3 Ra8 21. Kb1 Bd2 22. Rd1 Bxe3 23. Rxd6 cxd6 24. Ne2 Rc8 25. Nc3 d5 26. Bd3 d4 27. Ne4 Nf4 28. Bc2 d3 29. Bd1 Bxe4 30. fxe4 d2 31. g3 Rc1+ 32. Bxc1 dxc1=Q# 0-1


[Site "https://www.chess.com"]